 Dungeon Crawl Stone Soup version 0.19-a0-1021-g80cc50c (webtiles) character file.

4 ololoev the Skirmisher (level 1, 0/19 HPs)
             Began as a Hill Orc Fighter on July 27, 2016.
             Slain by a hobgoblin
             ... wielding a +0 club
              (5 damage)
             ... on level 2 of the Dungeon.
             The game lasted 00:00:34 (31 turns).

ololoev the Skirmisher (Hill Orc Fighter)             Turns: 31, Time: 00:00:35

Health: 0/19       AC:  6    Str: 18    XL:     1   Next: 60%
Magic:  1/1        EV:  9    Int:  8    God:
Gold:   0          SH:  0    Dex: 10    Spells: 0 memorised, 0 levels left

rFire  . . .     SeeInvis +     a - +0 war axe
rCold  . . .     Gourm    .     b - +0 scale mail
rNeg   . . .     Faith    .     (no shield)
rPois  .         Spirit   .     (no helmet)
rElec  .         Dismiss  .     (no cloak)
rCorr  .         Reflect  .     (no gloves)
SustAt .         Harm     .     (no boots)
MR     .....                    (no amulet)
Stlth  ..........               (no ring)
                                c - ring of see invisible

@: not resistant to hostile enchantments, extremely unstealthy
A: no striking features
a: no special abilities

Inventory:

Hand Weapons
 a - a +0 war axe (weapon)
Armour
 b - a +0 scale mail (worn)
Jewellery
 c - a ring of see invisible (left hand)
Potions
 d - a potion of might
Comestibles
 f - a bread ration
 g - a chunk of flesh


   Skills:
 - Level 3.6 Fighting
 * Level 3.1 Axes
 + Level 3.3 Armour
   Level 3.2 Shields


You couldn't memorise any spells.
You didn't know any spells.


You were on level 2 of the Dungeon.
You were not hungry.

You visited 1 branch of the dungeon, and saw 2 of its levels.

............#
.............#
.............#
.....w.......#
...........†.#
............<#
.............#
.........#####
###.#b@g....#
.......##..#.#
.....#. #.#
.##. #. ... ..
.. .#.# .# #.
#.# .. # ..

Notes
Turn   | Place    | Note
-------+----------+-------------------------------------------
     0 | D:1      | ololoev the Hill Orc Fighter began the quest for the Orb.
     0 | D:1      | Reached XP level 1. HP: 19/19 MP: 1/1
    31 | D:2      | Slain by a hobgoblin

Dungeon Overview and Level Annotations

Branches:
Dungeon (2/15)

Altars:


Message History

Welcome, ololoev the Hill Orc Fighter.
Will you be the one to retrieve the fabulous Orb of Zot from the depths?
Press ? for a list of commands and other information.
Found 5 gold pieces.
Found two stairs.
Drop what? 5/52 slots (_ for help) (? for menu, Esc to quit)
You start removing your armour.
You continue taking off your +0 shield. x4
You finish taking off your +0 shield.
You drop a +0 shield.
There is a stone staircase leading down here.
You climb downwards.
A bat and a worm come into view.
Found a bone ring.
There is a stone staircase leading up here.
You hit the worm.
The worm is lightly wounded.
You hit the worm but do no damage.
The worm is lightly wounded.
The bat hits you but does no damage. The worm bites you but does no damage.
You hit the worm but do no damage. The bat hits you but does no damage.
The worm bites you.
You hit the worm.
The worm is lightly wounded.
You slash the bat!
You kill the bat!
The worm bites you.
You hit the worm.
The worm is heavily wounded.
The worm bites you!
Unknown command.
You barely miss the worm.
The worm is heavily wounded.
Unknown command.
Your scale mail prevents you from hitting the worm.
The worm is heavily wounded.
The worm misses you.
You hit the worm.
The worm is heavily wounded.
The worm bites you.
You hit the worm but do no damage.
The worm is heavily wounded.
The worm bites you but does no damage.
You slash the worm!
You kill the worm!
Your Axes skill increases to level 3!
You see here a worm corpse.
c - a bone ring Put on which piece of jewellery? (? for menu, Esc to quit)
c - a ring of see invisible (left hand)
You see here a worm corpse.
You see here a bat corpse.
You butcher the bat corpse.
g - a chunk of flesh A worm comes into view.
A hobgoblin comes into view. It is wielding a club.
The hobgoblin shouts!
A bat comes into view.
The bat barely misses you. The hobgoblin hits you with a club.
You die...

You could see a worm, a hobgoblin and a bat.

Vanquished Creatures
  A worm (D:2)
  A bat (D:2)
2 creatures vanquished.

Action                   || total
-------------------------++-------
Melee: War axe           ||    10
Armor: Scale mail        ||     4
Dodge: Dodged            ||     2

Vault maps used:
D:1:      dpeg_arrival_pits, bh_walls_and_bars
D:2:      first_bread, minmay_pentomino_q2, uniq_jessica,
          uniq_crazy_yiuf_cottage
